 Dungeon Crawl Stone Soup version 0.25.1-2-g60ff931df9 (webtiles) character file.

Game seed: 3402778375030528472

127 hawla the Covered (level 4, -3/41 HPs)
             Began as a Minotaur Fighter on Oct 23, 2020.
             Killed from afar by Sigmund (5 damage)
             ... with a magic dart
             ... on level 3 of the Dungeon.
             The game lasted 00:06:13 (3078 turns).

hawla the Covered (Minotaur Fighter)                Turns: 3078, Time: 00:06:14

Health: -3/41      AC:  3    Str: 21    XL:     4   Next: 85%
Magic:  3/3        EV: 12    Int:  5    God:
Gold:   61         SH:  0    Dex: 10    Spells: 3/3 levels left

rFire    + . .     SeeInvis .   a - +1 long sword
rCold    + . .     Gourm    .   (no shield)
rNeg     . . .     Faith    .   k - +0 robe
rPois    +         Spirit   .   (helmet restricted)
rElec    +         Reflect  .   (no cloak)
rCorr    +         Harm     .   e - +0 pair of gloves
MR       .....                  (no boots)
Stlth    +.........             (no amulet)
HPRegen  0.13/turn              (no ring)
MPRegen  0.08/turn              (no ring)

@: about to teleport, resistant, stab
A: retaliatory headbutt, horns 2
a: no special abilities


You were on level 3 of the Dungeon.
You were not hungry.

You visited 1 branch of the dungeon, and saw 3 of its levels.

You collected 61 gold pieces.

Inventory:

Hand Weapons
 a - a +1 long sword (weapon)
Missiles
 o - 11 poisoned darts (quivered)
Armour
 b - a +1 scale mail
 e - a +0 pair of gloves (worn)
 f - a +0 leather armour
 k - a +0 robe (worn)
 n - a +0 ring mail
Scrolls
 g - a scroll of identify {unknown}
Potions
 m - a potion of stabbing
Comestibles
 c - a chunk of flesh


   Skills:
 + Level 4.4 Fighting
 + Level 3.6 Long Blades
 + Level 0.5 Throwing
 + Level 4.6 Armour
 * Level 2.3 Dodging
 + Level 0.1 Stealth
   Level 3.6 Shields


You had 3 spell levels left.
You didn't know any spells.
Your spell library was empty.

Dungeon Overview and Level Annotations

Branches:
Dungeon (3/15)

Altars:
Ashenzari
Cheibriados

Annotations:
D:3 Sigmund


Innate Abilities, Weirdness & Mutations

You reflexively headbutt those who attack you in melee.
You have a pair of horns on your head.


Message History

You closely miss something. Something hits you.
You barely miss something.
You hear some strange, mumbled words.
Something tries to affect you, but you resist.
You slash something! You headbutt something. Something hits you!
* * * LOW HITPOINT WARNING * * *
It was a potion of magic.
Magic courses through your body. Something hits you but does no damage.
It was a potion of stabbing.
You feel ready to backstab.
You hear some strange, mumbled words.
A puff of flame appears from out of thin air!
The puff of flame hits you. You resist.
* * * LOW HITPOINT WARNING * * *
As you read the scroll of teleportation, it crumbles to dust.
You feel strangely unstable. Something hits you!
* * * LOW HITPOINT WARNING * * *
A magic dart appears from out of thin air!
The magic dart hits you.
You die...

##.#......##.##
#...########.# #...# #.##
#...########..##
#............... #
######...###.#.###..#
..##(#..............###..#
...(.(...............##.<#
....#{..@...........##.)#
@ ######...###.#..##..#
#.......[.......
#...######.##..# #...#
#...... #####...# ####.##
...##.## #.## ##.##.# #...
##...#.# ####


There were no monsters in sight!

Vanquished Creatures
  A howler monkey (D:2)
  Ijyb (D:3)
  An adder (D:2)
  2 dart slugs
  3 worms (D:2)
  3 leopard geckos
  2 goblins
  6 hobgoblins
  3 jackals (D:2)
  5 kobolds
  A ball python (D:1)
  3 bats
  9 frilled lizards
  7 rats
47 creatures vanquished.

Notes
Turn   | Place    | Note
-------+----------+-------------------------------------------
     0 | D:1      | hawla the Minotaur Fighter began the quest for the Orb.
     0 | D:1      | Reached XP level 1. HP: 19/19 MP: 0/0
   353 | D:1      | Reached XP level 2. HP: 27/27 MP: 1/1
   455 | D:1      | Reached skill level 1 in Dodging
   545 | D:1      | Found a shattered altar of Ashenzari.
   871 | D:2      | Noticed a howler monkey
   879 | D:2      | Killed a howler monkey
   879 | D:2      | Reached XP level 3. HP: 13/33 MP: 2/2
  1241 | D:2      | Reached XP level 4. HP: 38/40 MP: 3/3
  1701 | D:2      | Found a snail-covered altar of Cheibriados.
  1910 | D:3      | Noticed Ijyb
  2792 | D:3      | Killed Ijyb
  3061 | D:3      | Noticed Sigmund
  3076 | D:3      | HP: 2/41 [something (7)]
  3078 | D:3      | Killed from afar by Sigmund

Illustrated notes

Levels and vault maps discovered:
D:1:      eino_arrival_druids_welcome, layout_basic,
          nicolae_ashenzari_panopticon
D:2:      layout_basic, kennysheep_slug_shrine
D:3:      layout_loops_cross, uniq_ijyb, uniq_sigmund

Skill      XL: |  1  2  3  4 |
---------------+-------------+-----
Dodging        | 1 2 |  2.3
Fighting       | 4 |  4.4
Long Blades    | 3 |  3.6
Armour         | 4 |  4.6
Throwing       | |  0.5
Stealth        | |  0.1
Shields        | |  3.6

Action                   |  1- 3 |  4- 6 || total
-------------------------+-------+-------++-------
Melee: Long sword        |    37 |    43 ||    80
       Headbutt          |     3 |     8 ||    11
Throw: Dart              |    11 |    12 ||    23
  Use: Scroll            |     6 |     3 ||     9
       Potion            |     2 |     6 ||     8
  Eat: Chunk             |     1 |     4 ||     5
       Ration            |       |     1 ||     1
Armor: Skin              |       |     8 ||     8
       Robe              |       |     7 ||     7
Dodge: Dodged            |    35 |    25 ||    60
       Rpst.: Long sword |     6 |     4 ||    10
